 Dungeon Crawl Stone Soup version 0.28-a0-578-g717728bcc0 (webtiles) character file.

Game seed: 17613512236756672037

805 Blejac999 the Magician (level 8, -3/50 HPs)
             Began as a Djinni Conjurer on Oct 2, 2021.
             Was an Initiate of Makhleb.
             Shot with an arrow by a centaur (12 damage)
             ... on level 5 of the Dungeon.
             The game lasted 00:07:55 (5938 turns).

Blejac999 the Magician (Djinni Conjurer)            Turns: 5938, Time: 00:07:55

Health: -3/50      AC:  4    Str:  6    XL:     8   Next: 14%
Gold:   209        EV: 12    Int: 22    God:    Makhleb [......] SH:  0 Dex: 12

rFire   + + .      SeeInvis .   (no weapon)
rCold   x . .      Faith    .   (no shield)
rNeg    . . .      Spirit   .   a - +0 robe
rPois   ∞          Reflect  .   (no helmet)
rElec   .          Harm     .   n - +1 cloak
rCorr   .          Rampage  .   (no gloves)
Will    .....                   (boots unavailable)
Stlth   ++........              (no amulet)
HPRegen 0.16/turn               (no ring)
MPRegen 0.00/turn               (no ring)

@: flying
A: sickness immunity, fire resistance 2, cold vulnerability 1, float, innate
caster, hp casting, extra vitality 1
a: Renounce Religion


You were on level 5 of the Dungeon.
You worshipped Makhleb.
Makhleb was noncommittal.
You visited 2 branches of the dungeon, and saw 6 of its levels.

You collected 209 gold pieces.

Inventory:

Armour
 a - a +0 robe (worn)
 n - a +1 cloak (worn)
Jewellery
 l - a +4 ring of evasion
Wands
 c - a wand of iceblast (11)
Scrolls
 b - a scroll of fog {unknown}
 g - a scroll of teleportation
 h - a scroll of enchant armour
 k - 2 scrolls of identify
Potions
 d - a potion of lignification {unknown}
 e - a potion of mutation {unknown}
 f - 2 potions of might
 i - 2 potions of haste
 j - 4 potions of curing
 m - a potion of heal wounds {unknown}


   Skills:
 + Level 0.3 Fighting
 + Level 2.4 Dodging
 + Level 2.5 Stealth
 + Level 7.1 Spellcasting


You had 2 spell levels left.
You knew the following spells:

 Your Spells              Type           Power      Damage    Failure   Level
a - Magic Dart            Conj           100%       1d8       1%          1
b - Searing Ray           Conj           78%        2d7       1%          2
c - Dazzling Flash        Conj/Hex       78%        N/A       1%          3
d - Fulminant Prism       Conj/Hex       19%        3d11      4%          4
e - Iskenderun's Mystic   Conj/Tloc      39%        2d9       4%          4
f - Freeze                Ice            100%       1d11      1%          1
g - Ensorcelled Hibernat  Hex/Ice        78%        N/A       1%          2
h - Passwall              Tmut/Erth      32%        N/A       1%          2
Your spell library was empty.

Dungeon Overview and Level Annotations

Branches:
Dungeon (5/15)             Temple (1/1) D:4

Altars:
Ashenzari
Cheibriados
Dithmenos
Elyvilon
Fedhas
Gozag
Hepliaklqana
Kikubaaqudgha
Makhleb
Nemelex Xobeh
Okawaru
Qazlal
Ru
Sif Muna
Trog
Vehumet
Wu Jian
Xom
Yredelemnul
Zin
The Shining One

Shops:
D:5 :


Innate Abilities, Weirdness & Mutations

You are immune to sickness and miasma.
You are immune to poison.
Your flesh is very heat resistant. (rF++)
You are vulnerable to cold. (rC-)
You float through the air rather than walking.
You learn spells naturally, not from books.
Your magical power is your life essence.
You have superior vitality. (+4 HP)


Message History

Found a scratched iron ring.
Things that are here:
an iguana corpse; a black bear corpse
Found a stone staircase leading down.
k - 2 scrolls of identify
l - a +4 ring of evasion A centaur comes into view.
The centaur shouts!
The centaur wields a +0 shortbow.
The centaur shoots an arrow.
The arrow hits you!
The centaur shoots an arrow.
The arrow barely misses you.
A centaur is nearby!
Okay, then.
Okay, then.
Casting: Magic Dart (safe; 1% risk of failure)
Confirm with . or Enter, or press ? or * to list all spells.
Aiming: Ensorcelled Hibernation (safe; 1% risk of failure)
Press: ? - help, Shift-Dir - straight line, f - centaur
Aim: a centaur, wielding a +0 shortbow and quivering arrows (chance to affect: 67%)
The centaur resists with significant effort.
The centaur shoots an arrow.
The arrow hits you.
Casting: Ensorcelled Hibernation (safe; 1% risk of failure)
Confirm with . or Enter, or press ? or * to list all spells.
Aiming: Ensorcelled Hibernation (safe; 1% risk of failure)
Press: ? - help, Shift-Dir - straight line, f/p - centaur
Aim: a centaur, wielding a +0 shortbow and quivering arrows (chance to affect: 67%)
The centaur resists with significant effort.
The centaur shoots an arrow.
The arrow hits you.
The centaur shoots an arrow.
The arrow closely misses you.
Casting: Ensorcelled Hibernation (safe; 1% risk of failure)
Confirm with . or Enter, or press ? or * to list all spells.
Aiming: Ensorcelled Hibernation (safe; 1% risk of failure)
Press: ? - help, Shift-Dir - straight line, f/p - centaur
Aim: a centaur, wielding a +0 shortbow and quivering arrows (chance to affect: 67%)
The centaur looks drowsy...
The centaur shouts!
The centaur shoots an arrow.
The arrow hits you!
The centaur shoots an arrow.
The arrow hits you!
* * * LOW HITPOINT WARNING * * *
The centaur shoots an arrow.
The arrow hits you!
You die...

..## ###.....#
...####.......#
..............#
..............#
.##...........###
#####..†........###
# ##..........!.###
#
##.............##..
#.........@.......
#........#..c....#
#....#..........##
#...##..........#
#...##..#.#.....#
#...#....>.....##
#.......#.#....#
##.............#
#..##...


You could see a centaur.

Vanquished Creatures
  A water moccasin (D:5)
  2 black bears (D:5)
  A necrophage (D:4)
  A phantom (D:4)
  2 hounds (D:5)
  Natasha (thrice) (D:3)
  2 iguanas
  4 gnolls (D:2)
  3 adders (D:2)
  An ufetubus (D:5)
  An adder skeleton (D:4)
  A worm (D:3)
  A dart slug (D:1)
  9 orcs
  4 giant cockroaches
  12 goblins
  10 hobgoblins
  2 jackals (D:4)
  6 kobolds
  2 quokkas
  8 ball pythons
  11 bats
  6 frilled lizards
  10 rats
103 creatures vanquished.

Vanquished Creatures (others)
  2 fulminant prisms
2 creatures vanquished.

Grand Total: 105 creatures vanquished

Notes
Turn   | Place    | Note
-------+----------+-------------------------------------------
     0 | D:1      | Blejac999 the Djinni Conjurer began the quest for the Orb.
     0 | D:1      | Reached XP level 1. HP: 15/15 MP: 0/0
   206 | D:1      | Reached XP level 2. HP: 15/21 MP: 0/0
   649 | D:1      | Reached XP level 3. HP: 23/25 MP: 0/0
   649 | D:1      | Learned a level 1 spell: Freeze
   849 | D:1      | Found a faded altar of an unknown god.
   996 | D:1      | Reached skill level 4 in Spellcasting
  1325 | D:2      | Reached XP level 4. HP: 18/31 MP: 0/0
  1696 | D:2      | Reached XP level 5. HP: 31/35 MP: 0/0
  1696 | D:2      | Learned a level 2 spell: Ensorcelled Hibernation
  1907 | D:2      | Found a sparkling altar of Nemelex Xobeh.
  2460 | D:3      | Noticed Natasha
  2469 | D:3      | Killed Natasha
  2470 | D:3      | Reached skill level 5 in Spellcasting
  2474 | D:3      | Noticed Natasha
  2481 | D:3      | Killed Natasha
  3073 | D:3      | Noticed Natasha
  3082 | D:3      | Killed Natasha
  3083 | D:3      | Reached XP level 6. HP: 27/40 MP: 0/0
  3618 | D:4      | Noticed a necrophage
  3624 | D:4      | Killed a necrophage
  3963 | D:4      | Found a staircase to the Ecumenical Temple.
  3970 | Temple   | Entered the Ecumenical Temple
  3993 | Temple   | Became a worshipper of Makhleb the Destroyer
  4734 | D:4      | Reached skill level 6 in Spellcasting
  4734 | D:4      | Reached XP level 7. HP: 33/45 MP: 0/0
  4734 | D:4      | Learned a level 2 spell: Passwall
  5080 | D:5      | Entered Level 5 of the Dungeon
  5335 | D:5      | Noticed a water moccasin
  5342 | D:5      | Killed a water moccasin
  5472 | D:5      | Found Ejeg's Book Shop.
  5783 | D:5      | Reached skill level 7 in Spellcasting
  5783 | D:5      | Reached XP level 8. HP: 36/50 MP: 0/0
  5938 | D:5      | Shot with an arrow by a centaur

Illustrated notes

Levels and vault maps discovered:
D:1:      matt_arrival_spirals, layout_loops_cross,
          hellmonk_ecumenical_altar_leap_of_faith, dk_noncrumbling_3,
          minivault_23, minmay_misc_feat_tower
D:2:      layout_basic, basic_altar
D:3:      layout_loops_corners, kennysheep_generic_room_7, uniq_natasha
D:4:      layout_rooms, minmay_temple_entry_waves, portal_sewer_entry_b
D:5:      cheibrodos_quashed, layout_layer_cave, serial_shops,
          nicolae_shop_trees, st_stairs_14, uniq_grinder, uniq_blork_the_orc
Temple:   nicolae_temple_the_god_donut

Skill      XL: |  1  2  3  4  5  6  7 |
---------------+----------------------+-----
Spellcasting   | 4 5 6 7 |  7.1
Stealth        | 2 |  2.5
Fighting       | |  0.3
Dodging        | |  2.4

Action                   |  1- 3 |  4- 6 |  7- 9 || total
-------------------------+-------+-------+-------++-------
 Cast: Magic Dart        |    63 |   105 |    40 ||   208
       Searing Ray       |     1 |     6 |     7 ||    14
       Fulminant Prism   |       |     1 |     1 ||     2
       Ensorcelled Hiber |       |       |     3 ||     3
  Use: Scroll            |       |     9 |       ||     9
Armor: Robe              |       |       |     4 ||     4
Dodge: Dodged            |       |     6 |    17 ||    23

Table legend: (Time is in decaauts)
 A = Elapsed time spent in this place.
 B = Non-inter-level travel time spent in this place.
 C = Inter-level travel time spent in this place.
 D = Time resting spent in this place.
 E = Time spent auto-exploring this place.
 F = Levels seen in this place.
 G = Mean time per level.
                   A        B        C        D        E       F      G
               +--------+--------+--------+--------+--------+-----+--------+
         Total |   5942 |   5916 |     26 |   1015 |   4251 |   6 |  990.3 |
       Dungeon |   5353 |   5327 |     26 |   1015 |   3738 |   5 | 1070.6 |
        Temple |    588 |    588 |      0 |      0 |    513 |   1 |  588.0 |
               +--------+--------+--------+--------+--------+-----+--------+

Top non-repeatable levels by time:
     D:1: 1284 daAuts
     D:3: 1251 daAuts
     D:2: 1056 daAuts
     D:4: 903 daAuts
     D:5: 857 daAuts
  Temple: 588 daAuts
